Map: Pillars of Gold LE

Players

PtitDrogo

  • Race: Protoss Protoss
  • Spawn Location: 7:00

PartinG - Winner!

  • Race: Protoss Protoss
  • League: Grandmaster
  • Spawn Location: 1:00

Event: War Chest Team League

VOD

Have the link to the VOD?

Description

Time

  • Played on: July 30, 2020, 9:20 a.m.
  • Length: 12:27
Show
View Real Time Build Order
Export as new Build Order

PtitDrogo Protoss 

Build Orders:  

Get SALT Encoding   

  12  0:00  Probe  
  13  0:12  Probe  
  14  0:18  Pylon  
  14  0:25  Probe (Chrono Boost)  
  15  0:37  Probe (Chrono Boost)  
  15  0:39  Gateway  
  16  0:44  Probe (Chrono Boost)  
  16  0:48  Assimilator  
  17  0:51  Probe  
  17  0:56  Assimilator  
  18  1:03  Probe (Chrono Boost)  
  19  1:14  Gateway, Probe (Chrono Boost)  
  20  1:19  Probe (Chrono Boost)  
  21  1:28  Cybernetics Core  
  21  1:29  Probe  
  22  1:37  Pylon  
  22  1:42  Probe  
  23  2:04  Adept x2, Warp Gate (Chrono Boost)  
  23  2:07  Probe  
  28  2:11  Pylon  
  28  2:34  Sentry x2  
  31  2:45  Nexus  
  31  2:47  Probe  
  32  2:53  Shield Battery  
  32  2:59  Probe  
  32  3:01  Sentry  
  32  3:02  Sentry  
  37  3:08  Pylon  
  37  3:13  Probe  
  38  3:33  Shield Battery  
  32  3:45  Shield Battery  
  32  3:48  Stalker x2  
  36  3:55  Robotics Facility  
  36  4:01  Probe (Chrono Boost)  
  38  4:05  Probe (Chrono Boost)  
  38  4:09  Probe (Chrono Boost)  
  39  4:12  Probe (Chrono Boost)  
  39  4:15  Stalker, Probe (Chrono Boost)  
  43  4:17  Sentry  
  46  4:27  Probe (Chrono Boost)  
  46  4:28  Probe (Chrono Boost)  
  47  4:37  Probe (Chrono Boost)  
  48  4:38  Probe (Chrono Boost)  
  49  4:47  Probe  
  49  4:49  Probe  
  48  5:01  Probe (Chrono Boost)  
  48  5:02  Probe (Chrono Boost)  
  48  5:05  Twilight Council  
  48  5:06  Forge  
  49  5:14  Probe (Chrono Boost)  
  49  5:17  Probe (Chrono Boost)  
  49  5:19  Probe (Chrono Boost)  
  50  5:24  Probe  
  50  5:28  Probe  
  52  5:34  Blink (Chrono Boost)  
  52  5:36  Assimilator, Probe, Nexus  
  52  5:37  Pylon  
  52  5:42  Protoss Ground Weapons Level 1  
  53  5:46  Observer  
  53  5:49  Stalker  
  56  5:52  Pylon  
  56  5:57  Pylon  
  56  5:59  Stalker  
  56  6:03  Probe x2  
  60  6:08  Gateway  
  60  6:09  Pylon  
  60  6:20  Probe x2  
  60  6:23  Stalker, Robotics Facility  
  60  6:25  Stalker  
  66  6:31  Observer  
  66  6:38  Gateway x2  
  66  6:42  Probe x2  
  68  6:49  Stalker x2  
  72  6:54  Probe x2  
  72  6:59  Shield Battery  
  74  7:04  Stalker  
  76  7:09  Shield Battery  
  76  7:11  Pylon  
  76  7:13  Stalker x2  
  84  7:30  Stalker  
  84  7:34  Observer (Chrono Boost)  
  84  7:35  Photon Cannon  
  83  7:38  Pylon, Probe x2  
  83  7:40  Stalker x2  
  89  7:45  Stalker x2  
  89  7:48  Protoss Ground Weapons Level 2 (Chrono Boost)  
  91  7:54  Stalker  
  91  7:56  Probe x2, Warp Prism (Chrono Boost)  
  91  7:57  Pylon  
  93  8:00  Gateway  
  93  8:03  Stalker  
  97  8:06  Stalker  
  97  8:08  Probe x2  
  101  8:14  Assimilator  
  101  8:24  Stalker x3  
  91  8:36  Stalker  
  89  8:45  Stalker  
  88  8:49  Charge (Chrono Boost)  
  88  8:54  Probe, Warp Prism (Chrono Boost)  
  88  8:55  Assimilator, Probe x2  
  91  8:56  Zealot  
  91  8:58  Zealot x2  
  91  9:01  Stalker  
  99  9:03  Stalker  
  99  9:04  Observer  
  101  9:10  Stalker  
  101  9:13  Gateway  
  101  9:16  Pylon  
  101  9:17  Stalker  
  105  9:19  Stalker x2  
  105  9:20  Photon Cannon  
  105  9:24  Assimilator  
  105  9:35  Stalker x3  
  102  9:39  Observer  
  102  9:44  Stalker x2  
  103  9:52  Probe x2  
  105  10:01  Robotics Bay  
  105  10:05  Photon Cannon  
  105  10:07  Zealot x4  
  105  10:08  Zealot x2  
  105  10:09  Zealot  
  119  10:16  Pylon  
  119  10:27  Pylon  
  119  10:28  Sentry  
  119  10:31  Nexus  
  121  10:42  Phoenix  
  121  10:43  Pylon  
  121  10:46  Colossus (Chrono Boost)  
  133  10:53  Colossus (Chrono Boost)  
  133  11:02  Zealot  
  133  11:03  Zealot  
  137  11:15  Templar Archives  
  137  11:18  Zealot x2  
  141  11:23  Gateway  
  141  11:27  Pylon x2  
  141  11:30  Pylon  
  141  11:34  Colossus (Chrono Boost)  
  140  11:43  Stalker x4  
  126  11:47  Zealot x2  
  118  11:54  Stalker  
  99  12:06  Stalker x4  
  93  12:13  Stalker x2  
Show
View Real Time Build Order
Export as new Build Order

PartinG Protoss - Winner!

Build Orders: Oracle Opening 

Get SALT Encoding   

  12  0:00  Probe  
  13  0:12  Probe  
  14  0:18  Pylon  
  14  0:24  Probe (Chrono Boost)  
  15  0:37  Gateway, Probe (Chrono Boost)  
  16  0:45  Probe (Chrono Boost)  
  16  0:47  Assimilator  
  17  0:51  Probe  
  17  0:56  Assimilator  
  18  1:03  Probe (Chrono Boost)  
  19  1:12  Gateway, Probe (Chrono Boost)  
  19  1:17  Probe (Chrono Boost)  
  21  1:25  Cybernetics Core  
  21  1:29  Probe  
  22  1:36  Pylon  
  22  1:41  Probe  
  24  1:54  Probe  
  24  2:02  Stalker x2, Warp Gate  
  24  2:06  Probe  
  29  2:15  Pylon  
  29  2:28  Probe  
  30  2:33  Stalker x2  
  34  2:40  Probe  
  34  2:44  Stargate  
  34  2:51  Pylon  
  34  2:53  Probe  
  35  3:06  Shield Battery  
  35  3:30  Probe  
  36  3:36  Oracle (Chrono Boost)  
  37  3:42  Probe  
  37  3:43  Nexus  
  36  3:52  Stalker x2  
  40  3:57  Probe  
  41  4:06  Oracle (Chrono Boost)  
  41  4:09  Probe  
  45  4:19  Twilight Council  
  45  4:21  Probe  
  46  4:31  Pylon  
  46  4:33  Probe  
  47  4:49  Probe  
  47  4:50  Stalker  
  47  4:51  Stalker  
  48  5:00  Probe (Chrono Boost)  
  48  5:02  Probe (Chrono Boost)  
  48  5:04  Blink (Chrono Boost)  
  50  5:10  Probe x2 (Chrono Boost)  
  52  5:15  Probe x2 (Chrono Boost)  
  54  5:27  Probe (Chrono Boost)  
  56  5:28  Forge  
  56  5:33  Probe (Chrono Boost)  
  57  5:36  Probe (Chrono Boost)  
  57  5:37  Gateway  
  57  5:39  Sentry, Stalker  
  57  5:41  Probe x2 (Chrono Boost)  
  63  5:51  Probe  
  63  5:52  Protoss Ground Weapons Level 1  
  63  5:53  Probe  
  65  6:05  Probe x2  
  65  6:07  Assimilator  
  65  6:08  Assimilator  
  67  6:17  Gateway x2  
  67  6:19  Probe x2  
  67  6:20  Gateway, Pylon  
  69  6:28  Robotics Facility  
  69  6:34  Probe  
  69  6:37  Pylon x2  
  69  6:38  Probe  
  71  6:44  Stalker x3  
  77  7:04  Probe  
  77  7:05  Probe  
  79  7:09  Stalker x3  
  79  7:15  Pylon  
  81  7:25  Nexus  
  81  7:28  Charge (Chrono Boost)  
  79  7:34  Observer  
  80  7:43  Probe x2  
  82  7:54  Stalker x6  
  82  7:57  Warp Prism (Chrono Boost)  
  94  8:02  Protoss Ground Weapons Level 2 (Chrono Boost)  
  92  8:33  Stalker x5  
  92  8:34  Stalker  
  92  8:49  Probe x2  
  92  8:50  Probe  
  95  9:00  Gateway x2  
  95  9:03  Templar Archives  
  95  9:07  Probe  
  95  9:08  Photon Cannon  
  96  9:10  Zealot x4  
  96  9:16  Sentry  
  96  9:17  Zealot  
  108  9:23  Assimilator  
  108  9:27  Assimilator  
  98  9:38  Zealot x2  
  98  9:39  Zealot x4  
  90  9:47  Zealot  
  90  9:48  Zealot x5  
  90  9:50  Warp Prism  
  102  9:57  Stalker x2  
  102  9:58  Probe, Observer  
  102  9:59  Probe x2  
  107  10:09  High Templar x4  
  107  10:11  High Templar  
  107  10:12  Pylon  
  107  10:13  Pylon  
  107  10:14  Archon x2, Observer  
  117  10:30  Probe  
  117  10:31  Pylon  
  117  10:32  High Templar, Zealot x2  
  124  10:36  Pylon  
  124  10:37  Archon, Observer  
  124  10:40  Shield Battery  
  124  10:41  Shield Battery  
  124  10:45  Zealot x4  
  132  10:50  Photon Cannon  
  132  10:51  Shield Battery, Pylon  
  132  10:54  High Templar  
  132  10:55  High Templar, Zealot  
  138  10:59  Archon  
  138  11:07  High Templar x2  
  138  11:08  Zealot x3  
  148  11:11  Archon  
  148  11:19  Zealot  
  150  11:28  Zealot x3  
  154  11:43  Zealot x5  
  146  11:51  Zealot x3  
  126  12:05  Zealot x5  
  124  12:12  Stalker  
  124  12:13  Stalker x2  
Tags
 
Add a new tag
Caveats
  • Supply blocks, unpowered buildings, or Contaminate may cause inaccurate times.
  • Supply counts are checked every 10 seconds.